 Dungeon Crawl Stone Soup version 0.31-a0-986-g5e6e4ef867 (webtiles) character file.

Game seed: 7126767993285601936

11 LeprechaunX the Changeling (level 2, -1/18 HPs)
             Began as an Octopode Shapeshifter on Nov 11, 2023.
             Slain by a kobold
             ... wielding a +0 whip
              (4 damage)
             ... on level 1 of the Dungeon.
             The game lasted 00:00:22 (298 turns).

LeprechaunX the Changeling (Octopode Shapeshifter)   Turns: 298, Time: 00:00:23

Health: -1/18      AC:  1    Str: 13    XL:     2   Next: 25%
Magic:  2/2        EV: 13    Int: 12    God:
Gold:   15         SH:  0    Dex: 11    Spells: 1/1 levels left

rFire   . .          .
                       - Unarmed
rCold   . . .        (no shield)
rNeg    . . .        (helmet currently unavailable)
rPois   .            (no amulet)
rElec   .            (no ring)
rCorr   .            (no ring)
SInv    .            (no ring)
Will    .....        (no ring)
Stlth   ++           (no ring)
HPRegen 0.23/turn    (no ring)
MPRegen 0.08/turn    (no ring)
                     (no ring)

%: no passive effects
@: beast-form
A: beast (slay +1), almost no armour, amphibious, 8 rings, camouflage 1,
gelatinous body 1, (nimble swimmer 1), tentacles
a: Begin Untransformation


You were on level 1 of the Dungeon.
You were a hulking beast.
You visited 1 branch of the dungeon, and saw 1 of its levels.

You collected 15 gold pieces.

Inventory:

Hand Weapons
 f - a +0 sling
Talismans
 b - a beast talisman
 c - a flux talisman
Scrolls
 d - a scroll of teleportation {unknown}
 e - a scroll of identify {unknown}
Potions
 a - a potion of lignification
 g - a potion of mutation {unknown}


   Skills:
 + Level 1.3 Fighting
 - Level 2.0 Dodging
 + Level 3.1 Unarmed Combat
 * Level 3.3 Shapeshifting


You had one spell level left.
You didn't know any spells.
Your spell library was empty.

Dungeon Overview and Level Annotations

Branches:
Dungeon (1/15)

Altars:


Innate Abilities, Weirdness & Mutations

You are a hulking beast.
Your limbs bulge with bestial killing power. (Slay +1)
You cannot wear most types of armour.
You are amphibious.
You can wear up to eight rings at the same time.
Your skin changes colour to match your surroundings (Stealth+).
Your rubbery body absorbs attacks. (AC +1, EV +1)
((You are camouflaged when in or above water. (Stealth+)))
You have tentacles for arms and can constrict up to eight enemies at once.


Message History

The kobold shouts!
You grab the kobold. You squeeze the kobold.
You kill the kobold!
You hear an angry hiss.
Something bites the bush but does no damage.
The kobold hits you with a +0 short sword.
The kobold hits you with a +0 whip.
Things that are here:
a +0 short sword; 2 stones; a kobold corpse You are too injured to fight recklessly!
You are too injured to fight recklessly!
You are too injured to fight recklessly!
The kobold attacks as it pursues you! The kobold barely misses you.
The kobold hits the plant with a +0 short sword.
The plant begins to die.
The kobold hits the plant with a +0 whip.
You tentacle-slap the kobold.
You kill the kobold!
You closely miss the kobold. Your grab misses the kobold.
Your squeeze misses the kobold.
The kobold hits something with a +0 dagger.
The kobold hits you with a +0 short sword.
The kobold hits the plant with a +0 whip.
You barely miss the kobold. Your grab misses the kobold.
You squeeze the kobold.
You kill the kobold!
The kobold hits the plant with a +0 whip.
You closely miss the kobold. You grab the kobold. You constrict the kobold.
A nearby plant withers and dies.
The kobold hits you but does no damage.
You tentacle-slap the kobold but do no damage.
You squeeze the kobold.
You kill the kobold!
The kobold barely misses you.
You swing at nothing.
The kobold completely misses you.
You swing at nothing.
The kobold closely misses you.
You swing at nothing.
The kobold hits you with a +0 whip.
* * * LOW HITPOINT WARNING * * *
You barely miss the kobold. Your grab misses the kobold.
Your squeeze misses the kobold. The kobold hits you with a +0 whip.
You die...

#..# #.#.# #.#
...####.#.# #.#
..........# #.#
##.####.#.# #.# ##.#
##.#.# #.#
######§.#.####.###
..#.#.§..........#
#.#.#§§.#........#
#.#.#.≈.)..#####h# #
#.#.#.≈#...# ♣#K)#P♣
§§#.#.≈#...# PP.).P#
≈§#(..≈#...##P.....P♣
≈.#.≈§≈#...#P.÷.....#
§.#.≈.##..##♣...§...#
≈...§.#....#P~......♣
≈.≈≈≈.##.(##♣P.....P♣
..≈§..##..# ♣#P...PP♣


You could see a kobold.

Vanquished Creatures
  A dart slug (D:1)
  A bat (D:1)
  An endoplasm (D:1)
  A quokka (D:1)
  5 kobolds (D:1)
9 creatures vanquished.

Notes
Turn   | Place    | Note
-------+----------+-------------------------------------------
     0 | D:1      | LeprechaunX the Octopode Shapeshifter began the quest for
                  | the Orb.
     0 | D:1      | Reached XP level 1. HP: 13/13 MP: 1/1
   201 | D:1      | Reached XP level 2. HP: 18/18 MP: 2/2
   298 | D:1      | Slain by a kobold

Illustrated notes

Levels and vault maps discovered:
D:1:      psy_arrival_radial02, layout_loops_ring, lexackson_kobold_supper

Action                     || total
---------------------------++-------
  Melee: Unarmed           ||    17
         Constrict         ||     4
         Tentacles         ||     3
   Stab: Sleeping          ||     2
 Armour: Skin              ||     9
  Dodge: Dodged            ||     7

Table legend: (Time is in decaauts)
 A = Elapsed time spent in this place.
 B = Non-inter-level travel time spent in this place.
 C = Inter-level travel time spent in this place.
 D = Time resting spent in this place.
 E = Time spent auto-exploring this place.
 F = Levels seen in this place.
 G = Mean time per level.
                   A        B        C        D        E       F      G
               +--------+--------+--------+--------+--------+-----+--------+
         Total |    297 |    297 |      0 |      0 |    240 |   1 |  297.0 |
       Dungeon |    297 |    297 |      0 |      0 |    240 |   1 |  297.0 |
               +--------+--------+--------+--------+--------+-----+--------+

Top non-repeatable levels by time:
     D:1: 297 daAuts
